Map: Dusty Gorge

Players

kaysik - Winner!

  • Race: Terran Terran
  • League: Bronze
  • Spawn Location: 5:00

POIK - Winner!

  • Race: Terran Terran
  • League: Platinum
  • Spawn Location: 3:00

Misery

  • Race: Zerg Zerg
  • League: Master
  • Spawn Location: 9:00

SoCKs

  • Race: Terran Terran
  • League: Diamond
  • Spawn Location: 11:00

VOD

Have the link to the VOD?

Description

test

Time

  • Played on: Jan. 1, 2019, 8 a.m.
  • Length: 7:54
Show
View Real Time Build Order
Export as new Build Order

kaysik Terran - Winner!

Build Orders:  

Get SALT Encoding   

  12  0:02  SCV  
  13  0:14  SCV  
  13  0:19  Supply Depot  
  14  0:26  SCV  
  15  0:31  Refinery  
  15  0:42  Barracks  
  15  0:46  SCV  
  16  1:01  Supply Depot  
  16  1:10  SCV  
  17  1:21  Refinery  
  17  1:23  Barracks  
  17  1:30  Marine  
  18  1:35  SCV  
  19  1:50  Factory  
  19  1:52  Marine  
  20  2:08  Barracks  
  20  2:11  SCV  
  20  2:13  Marine  
  22  2:17  Marine  
  23  2:34  Factory Tech Lab  
  23  2:35  Orbital Command  
  23  2:38  Marine  
  23  2:40  Marine  
  25  2:56  Siege Tank  
  25  2:57  Marine  
  29  3:00  Marine  
  30  3:06  Supply Depot  
  30  3:16  Marine x2  
  32  3:20  Marine  
  33  3:30  Supply Depot  
  33  3:34  Marine  
  33  3:38  Siege Tank  
  37  3:47  Marine x2  
  39  4:16  Marine x3  
  42  4:17  Siege Tank  
  42  4:21  Supply Depot  
  45  4:46  Marine  
  45  4:47  Marine  
  45  4:50  Marine  
  45  4:51  Siege Tank  
  51  5:04  Marine x2  
  53  5:08  Marine  
  53  5:30  Hellion  
  52  5:51  Hellion  
  44  5:59  Marine x3  
  40  6:13  Hellion  
  40  6:17  Marine x3  
  45  6:34  Marine  
  45  6:35  Marine x2, Siege Tank  
  45  6:39  Bunker  
  51  6:40  SCV, Barracks  
  50  6:52  Marine  
  50  6:53  Marine x2  
  45  7:05  Orbital Command  
  35  7:10  Marine  
Show
View Real Time Build Order
Export as new Build Order

POIK Terran - Winner!

Build Orders:  

Get SALT Encoding   

  12  0:01  SCV  
  13  0:13  SCV  
  14  0:19  Supply Depot  
  14  0:25  SCV  
  15  0:41  SCV  
  16  0:44  Barracks  
  16  0:52  Supply Depot  
  16  0:53  SCV  
  17  1:05  SCV  
  18  1:17  SCV  
  19  1:24  Refinery  
  19  1:25  Refinery  
  19  1:34  Marine  
  20  1:45  Barracks  
  20  1:51  SCV  
  21  1:59  Marine  
  21  2:00  Barracks  
  22  2:06  Orbital Command  
  22  2:12  Supply Depot  
  22  2:17  Marine  
  23  2:35  Marine  
  23  2:36  Factory  
  24  2:39  SCV  
  24  2:44  Marine  
  25  2:49  Marine  
  27  2:53  SCV, Marine  
  29  2:59  Supply Depot  
  29  3:02  Marine  
  30  3:06  SCV  
  31  3:19  Factory Tech Lab  
  31  3:21  Marine  
  31  3:22  Marine x2  
  31  3:26  SCV  
  35  3:31  Starport  
  35  3:35  Supply Depot  
  35  3:39  Marine x2  
  37  3:41  Siege Tank  
  37  3:43  Marine  
  41  3:57  Marine  
  42  4:12  Marine x2  
  42  4:15  Marine  
  45  4:18  Starport Reactor  
  45  4:20  Siege Tank  
  48  4:41  Marine x2  
  48  4:42  Marine  
  50  4:57  Siege Tank  
  50  4:59  SCV, Marine  
  55  5:01  Supply Depot  
  55  5:10  Marine x2, Supply Depot  
  55  5:13  Supply Depot  
  54  5:36  Marine x3  
  54  5:37  Medivac, Siege Tank  
  62  5:53  Marine  
  62  5:54  Marine  
  62  5:55  Marine  
  64  6:10  Command Center  
  62  6:11  Marine  
  17  7:31  Marine x2  
Show
View Real Time Build Order
Export as new Build Order

Misery Zerg 

Build Orders: Pool Only 

Get SALT Encoding   

  12  0:02  Drone  
  13  0:13  Overlord  
  14  0:21  Drone  
  14  0:33  Drone x2  
  16  0:35  Drone  
  16  0:38  Extractor  
  17  0:47  Drone  
  18  0:52  Spawning Pool  
  18  0:55  Extractor  
  16  0:57  Drone  
  17  1:09  Drone  
  18  1:24  Drone  
  19  1:39  Drone  
  20  1:41  Queen  
  20  1:42  Extractor  
  21  1:52  Overlord  
  21  2:03  Drone  
  22  2:11  Drone  
  23  2:18  Drone  
  23  2:19  Lair  
  24  2:34  Overlord  
  24  2:35  Drone  
  25  3:19  Infestation Pit  
  24  3:21  Drone  
  24  3:22  Overlord x2, Drone x2  
  27  3:27  Spine Crawler  
  27  3:28  Spine Crawler  
  27  3:30  Drone  
  27  3:31  Drone  
  27  3:42  Spine Crawler  
  26  3:59  Hive  
  26  4:05  Overlord  
  26  4:06  Spine Crawler  
  25  4:11  Evolution Chamber  
  25  4:12  Drone  
  25  4:37  Zerg Ground Armor Level 1  
  25  4:41  Spine Crawler  
  24  4:45  Spine Crawler  
  24  5:09  Spine Crawler  
  23  5:23  Ultralisk Cavern  
  22  6:10  Chitinous Plating, Ultralisk  
  28  6:18  Ultralisk  
Show
View Real Time Build Order
Export as new Build Order

SoCKs Terran 

Build Orders:  

Get SALT Encoding   

  12  0:00  SCV  
  13  0:12  SCV  
  14  0:19  Supply Depot  
  14  0:25  SCV  
  15  0:32  Refinery  
  15  0:40  SCV, Refinery  
  16  0:53  Barracks  
  16  0:57  SCV  
  17  1:09  SCV  
  18  1:22  SCV  
  19  1:34  SCV  
  20  1:43  Marine  
  20  1:45  Factory  
  21  1:47  Orbital Command  
  21  1:56  Supply Depot  
  21  2:06  Marine  
  22  2:13  SCV  
  23  2:22  Barracks  
  23  2:24  Marine  
  23  2:25  SCV  
  25  2:35  Starport  
  25  2:38  SCV  
  25  2:41  Factory Reactor  
  26  2:49  Supply Depot  
  26  2:50  SCV  
  27  2:53  Marine  
  28  3:03  SCV  
  28  3:05  Engineering Bay  
  29  3:11  Barracks Reactor  
  29  3:12  Marine  
  30  3:22  Engineering Bay  
  30  3:30  Marine  
  31  3:35  Supply Depot  
  31  3:37  SCV  
  32  3:44  Terran Infantry Weapons Level 1  
  33  3:51  Barracks Tech Lab, Marine  
  33  3:52  Marine  
  33  3:55  Terran Infantry Armor Level 1  
  34  4:06  Supply Depot  
  34  4:09  Marine  
  35  4:14  Marine x2  
  37  4:17  Medivac  
  37  4:22  SCV  
  40  4:27  Medivac  
  42  4:31  Stimpack  
  42  4:38  Factory Tech Lab  
  42  4:39  Marine x3  
  45  5:01  Marine  
  45  5:02  Marine x2  
  48  5:09  Siege Tank  
  48  5:10  Command Center  
  51  5:19  Medivac x2  
  55  5:32  Supply Depot  
  55  5:33  Marine x3  
  38  6:00  SCV  
  39  6:04  Marine x2  
Tags
 
Add a new tag
Caveats
  • Supply blocks, unpowered buildings, or Contaminate may cause inaccurate times.
  • Supply counts are checked every 10 seconds.